 Dungeon Crawl Stone Soup version 0.19-a0-1886-gd64a0f0 (webtiles) character file.

569 Kirkhe the Chopper (level 7, 50/50 HPs)
             Began as a Demonspawn Gladiator on Oct 15, 2016.
             Was an Initiate of Okawaru.
             Quit the game on level 4 of the Dungeon.
             The game lasted 00:06:50 (3853 turns).

Kirkhe the Chopper (Demonspawn Gladiator)           Turns: 3853, Time: 00:06:50

Health: 50/50      AC:  8    Str: 17    XL:     7   Next: 11%
Magic:  7/7        EV: 17    Int: 10    God:    Okawaru [......]
Gold:   152        SH:  0    Dex: 13    Spells: 0 memorised, 6 levels left

rFire  . . .     SeeInvis .     a - +1 war axe
rCold  . . .     Gourm    .     u - +3 leather armour
rNeg   . . .     Faith    .     (no shield)
rPois  +         Spirit   .     (helmet restricted)
rElec  .         Dismiss  .     x - +1 cloak
rCorr  .         Reflect  .     (no gloves)
MR     .....     Harm     .     (no boots)
Stlth  +.........               (no amulet)
                                z - ring of poison resistance
                                s - +3 ring of evasion

@: no status effects
A: antennae 2, repulsion field 1, blurry vision 1, demonic guardian 1, screaming
1, spiny 1
a: Renounce Religion


You were on level 4 of the Dungeon.
You worshipped Okawaru.
Okawaru was noncommittal.
You were hungry.

You visited 2 branches of the dungeon, and saw 5 of its levels.

You collected 152 gold pieces.

Inventory:

Hand Weapons
 a - a +1 war axe (weapon)
Missiles
 d - 3 throwing nets (quivered)
 k - 2 steel javelins
Armour
 c - a +0 helmet
 p - a +0 shield
 u - a +3 leather armour (worn)
 x - a +1 cloak (worn)
Jewellery
 n - an uncursed ring of ice
 s - a +3 ring of evasion (left hand)
 z - a ring of poison resistance (right hand)
Scrolls
 b - a scroll of blinking {unknown}
 j - 3 scrolls of immolation
 l - 3 scrolls of remove curse
Potions
 e - 4 potions of curing
 o - 2 potions of heal wounds
 t - a potion of agility
Comestibles
 f - 3 bread rations
 q - 2 meat rations
 r - a fruit
 v - a slice of pizza
 w - 2 royal jellies


   Skills:
 - Level 2.0 Fighting
 + Level 6.8 Axes
 - Level 1.7 Throwing
 + Level 2.7 Armour
 - Level 2.6 Dodging


You had 6 spell levels left.
You didn't know any spells.

Dungeon Overview and Level Annotations

Branches:
Dungeon (4/15)             Temple (1/1) D:4

Altars:
Cheibriados
Gozag
Hepliaklqana
Kikubaaqudgha
Makhleb
Okawaru
Ru
Uskayaw
Vehumet
Xom
Yredelemnul

Shops:
D:4 [


Innate Abilities, Weirdness & Mutations

You have a pair of antennae on your head.
You are surrounded by a mild repulsion field. (EV +2)
A weak demonic guardian rushes to your aid.
You are partially covered in sharp spines.
Scrolls take you a little longer to read.
You occasionally shout uncontrollably at your foes.


Message History

You open the door.
There is an open door here.
As you open the door, it creaks loudly!
There is an open door here.
You open the door.
There is an open door here.
You open the door.
There is an open door here.
You open the door.
There is an open door here.
You open the door.
There is an open door here.
You are feeling hungry.
You see here a short sword.
l - 3 scrolls of remove curse (gained 1)
You see here 18 stones.
You now have 152 gold pieces (gained 18).
Done exploring.
Done exploring.
Are you sure you want to abandon this character and quit the game? (Confirm with "yes".)

###.......................'....#.
...........#########..#.###....#.
......................#.# #......
.....................>#.# #......
.......###(.........###.###......
.......# #..#..#.................
###....# #..#<.#.#..###.######...
#....# #..##.#.#..# #.# #...
#....# #..##.#@#..# #.# #.#<
##....###..##.#.##.###.######.##
#...............................
#..#+####.....#.................
##..#..)....................##.#.
....#.##.#.###.......(.........##
##..#............................
.#..#.#.###############.###.#####
....#.#.# #........#.#


There were no monsters in sight!

Vanquished Creatures
  The ghost of bezhaha the Spear-Bearer, an amateur MfCK of Xom (D:4)
  An ogre (D:4)
  The ghost of Kirkhe the Chopper, an amateur DsGl (D:3)
  A bullfrog skeleton (D:4)
  An orc wizard (D:3)
  A worker ant (D:4)
  Terence (D:3)
  2 adders (D:2)
  A howler monkey skeleton (D:4)
  2 oozes
  2 worms (D:2)
  5 dart slugs
  8 leopard geckos
  6 orcs
  6 giant cockroaches
  5 goblins
  9 hobgoblins
  5 bats
  8 frilled lizards
  3 kobolds
  5 rats
74 creatures vanquished.

Vanquished Creatures (collateral kills)
  A hound (D:4)
  Crazy Yiuf (D:3)
  An adder (D:4)
3 creatures vanquished.

Grand Total: 77 creatures vanquished

Notes
Turn   | Place    | Note
-------+----------+-------------------------------------------
     0 | D:1      | Kirkhe the Demonspawn Gladiator began the quest for the Orb.
     0 | D:1      | Reached XP level 1. HP: 16/16 MP: 1/1
   138 | D:1      | Reached skill level 3 in Axes
   275 | D:1      | Gained mutation: You are surrounded by a mild repulsion field. (EV +2) [demonic ancestry]
   275 | D:1      | Reached XP level 2. HP: 9/22 MP: 2/2
  1174 | D:2      | Gained mutation: You have a pair of small antennae on your head. [demonic ancestry]
  1174 | D:2      | Reached XP level 3. HP: 27/27 MP: 3/3
  1247 | D:2      | Found a faded altar of an unknown god.
  1252 | D:2      | Reached skill level 1 in Armour
  1311 | D:2      | Reached skill level 4 in Axes
  1989 | D:2      | Gained mutation: A weak demonic guardian rushes to your aid. [demonic ancestry]
  1989 | D:2      | Reached XP level 4. HP: 25/33 MP: 4/4
  2150 | D:3      | Found a runed door.
  2432 | D:3      | Noticed Kirkhe's ghost (amateur DsGl)
  2470 | D:3      | Killed Kirkhe's ghost
  2470 | D:3      | Reached skill level 5 in Axes
  2470 | D:3      | Gained mutation: You are partially covered in sharp spines. [demonic ancestry]
  2470 | D:3      | Reached XP level 5. HP: 14/38 MP: 5/5
  2616 | D:3      | Noticed Terence
  2627 | D:3      | Killed Terence
  3051 | D:3      | Noticed Crazy Yiuf
  3054 | D:3      | Killed Crazy Yiuf
  3166 | D:4      | Reached XP level 6. HP: 29/44 MP: 6/6
  3247 | D:4      | Found Heecul's Armour Shoppe.
  3304 | D:4      | Reached skill level 6 in Axes
  3309 | D:4      | Found a hazy altar of Hepliaklqana.
  3324 | D:4      | Found a staircase to the Ecumenical Temple.
  3332 | Temple   | Entered the Ecumenical Temple
  3369 | Temple   | Became a worshipper of Warmaster Okawaru
  3464 | D:4      | Noticed bezhaha's ghost (amateur MfCK)
  3470 | D:4      | Gained mutation: Scrolls take you a little longer to read. [potion of mutation]
  3470 | D:4      | Gained mutation: You occasionally shout uncontrollably at your foes. [potion of mutation]
  3470 | D:4      | Gained mutation: You have a pair of antennae on your head. [potion of mutation]
  3486 | D:4      | Killed bezhaha's ghost
  3486 | D:4      | Reached XP level 7. HP: 21/50 MP: 7/7
  3853 | D:4      | Quit the game

Vault maps used:
D:1:      co_arrival_square_in_a_square_in_a_square, serial_bayou_pond_e
D:2:      ecumenical_altar_1, first_bread
D:3:      uniq_crazy_yiuf_cottage, uniq_terence
D:4:      lemuel_doored_altar, serial_shops, shop
Temple:   nicolae_temple_great_sept

Skill      XL: |  1  2  3  4  5  6 |
---------------+-------------------+-----
Axes           | 3 4 5 6 |  6.8
Armour         | 1 2 |  2.7
Fighting       | |  2.0
Throwing       | |  1.7
Dodging        | |  2.6

Action                   |  1- 3 |  4- 6 |  7- 9 || total
-------------------------+-------+-------+-------++-------
Melee: War axe           |   119 |   109 |     5 ||   233
  Use: Scroll            |       |     9 |       ||     9
       Potion            |       |     3 |     3 ||     6
 Stab: Distracted        |       |     1 |       ||     1
       Sleeping          |       |       |     1 ||     1
  Eat: Chunk             |     2 |     7 |       ||     9
Armor: Leather armour    |    23 |    23 |       ||    46
Dodge: Dodged            |    90 |    86 |     3 ||   179
